 Dungeon Sprint DCSS version 0.22-a0-469-gf26638a (webtiles) character file.

7544 raistware the Spry (level 10, -5/55 HPs)
             Began as a Spriggan Assassin on June 12, 2018.
             Was the Champion of Zin.
             Slain by an orc warrior
             ... wielding a +0 scimitar
              (20 damage)
             ... in the Dungeon (Sprint IX: "|||||||||||||||||||||||||||||").
             The game lasted 00:17:02 (2505 turns).

raistware the Spry (Spriggan Assassin)              Turns: 2505, Time: 00:17:03

Health: -5/55      AC:  3    Str:  8    XL:     10   Next: 96%
Magic:  14/14      EV: 37    Int: 16    God:    Zin [******]
Gold:   594        SH:  3    Dex: 20    Spells: 9/9 levels left

rFire    . . .     SeeInvis +   q - +6 scimitar (holy)
rCold    . . .     Gourm    .   (shield restricted)
rNeg     . . .     Faith    .   c - +0 robe
rPois    .         Spirit   .   (helmet restricted)
rElec    .         Reflect  +   d - +0 cloak
rCorr    .         Harm     .   (gloves unavailable)
MR       +....     NoTele   +   (boots unavailable)
Stlth    +++++++...             a - +3 amulet of reflection
HPRegen  0.18/turn              r - +2 ring of evasion
MPRegen  0.14/turn              s - +3 ring of intelligence

@: very quick
A: very small, unfitting armour, see invisible, herbivore, speed 3, slow
metabolism 2
a: Recite, Vitalisation, Imprison, Sanctuary, Donate Gold, Renounce Religion


You were in the Dungeon.
You worshipped Zin.
Zin was exalted by your worship.
You were not hungry.

You visited 1 branch You collected 662 gold pieces.
You donated 68 gold pieces to Zin.

Inventory:

Hand Weapons
 b - a +0 blowgun
 n - a +3 dagger
 q - a +6 scimitar of holy wrath (weapon)
Missiles
 e - 5 poisoned needles
 f - 2 curare-tipped needles
Armour
 c - a +0 robe (worn)
 d - a +0 cloak (worn)
Jewellery
 a - a +3 amulet of reflection (around neck)
 r - a +2 ring of evasion (left hand)
 s - a +3 ring of intelligence (right hand)
Wands
 p - a wand of iceblast (4)
Scrolls
 l - 5 scrolls of remove curse
 m - 2 scrolls of blinking
 o - 2 scrolls of amnesia
 t - 4 scrolls of enchant armour
Potions
 h - 8 potions of curing
 i - a potion of heal wounds
 k - 4 potions of magic
Comestibles
 g - 10 rations


   Skills:
 + Level 7.1 Fighting
 - Level 12.0(13.1) Short Blades
 + Level 6.8(9.2) Long Blades
 + Level 8.6 Throwing
 + Level 6.2 Armour
 * Level 18.3 Dodging
 + Level 17.0 Stealth
 + Level 0.8 Invocations
 + Level 4.5 Evocations


You had 9 spell levels left.
You didn't know any spells.
Your spell library was empty.

Dungeon Overview and Level Annotations

Branches:
Dungeon (1/1)

Altars:
Cheibriados
Dithmenos
Elyvilon
Fedhas
Gozag
Hepliaklqana
Kikubaaqudgha
Makhleb
Nemelex Xobeh
Okawaru
Qazlal
Ru
Sif Muna
Trog
Uskayaw
Vehumet
Wu Jian
Xom
Yredelemnul
Zin
The Shining One
Beogh
Jiyva
Lugonu


Innate Abilities, Weirdness & Mutations

You are very small and have problems with some larger weapons.
You are too small for most types of armour.
You have supernaturally acute eyesight. (SInv)
You are a herbivore.
You cover ground extremely quickly.
You need to consume almost no food.


Message History

You closely miss the orc warrior.
The orc warrior hits you with a scimitar!!
* * * LOW HITPOINT WARNING * * *
You hit the orc warrior.
The orc warrior is moderately wounded.
The orc warrior misses you.
You closely miss the orc warrior.
The orc warrior is moderately wounded.
The orc warrior completely misses you.
Press: ? - help, v - describe, . - travel, g - get item
Here: an orc warrior, wielding a scimitar and wearing a chain mail (moderately wounded)
A dagger.
There is something else lying underneath.
The floor, spattered with blood.
You slash the orc warrior!
The orc warrior is heavily wounded.
You hit the orc warrior but do no damage.
The orc warrior is heavily wounded.
The orc warrior hits you with a scimitar!!
You die...

▓▓▓▓▓▓▓▓▓▓▓▓▓▓▓▓▓▓▓
o.).)...[...o)....▓
▓▓▓▓▓▓▓▓▓▓▓▓▓▓▓▓▓o▓
..........)..)..@)▓
▓▓▓▓▓▓▓▓▓▓▓▓▓▓▓▓▓▓▓
..†)......'.......▓
▓▓▓▓▓▓▓▓▓▓▓▓▓▓▓▓▓.▓
..................▓
▓▓▓▓▓▓▓▓▓▓▓▓▓▓▓▓▓▓▓
_'....)'...))'...<▓
▓▓▓▓▓▓▓▓▓▓▓▓▓▓▓▓▓▓▓


You could see an orc warrior.

Vanquished Creatures
  8 elephants (D)
  A gargoyle (D)
  Psyche (D)
  4 spiny frogs (D)
  A komodo dragon (D)
  A troll (D)
  3 hippogriffs (D)
  A shadow (D)
  A yak (D)
  A basilisk (D)
  2 water moccasins (D)
  2 porcupines (D)
  3 orc warriors (D)
  An ice beast (D)
  2 centaurs (D)
  A crocodile (D)
  A big kobold (D)
  4 bullfrogs (D)
  A crimson imp (D)
  2 hounds (D)
  A quasit (D)
  2 orc priests (D)
  An iguana (D)
  3 orc wizards (D)
  2 leopard geckos (D)
  7 orcs (D)
  A bat zombie (D)
  2 goblins (D)
  A kobold (D)
  A quokka skeleton (D)
  A rat (D)
63 creatures vanquished.

Vanquished Creatures (others)
  An orc wizard (D)
1 creature vanquished.

Grand Total: 64 creatures vanquished

Notes
Turn   | Place    | Note
-------+----------+-------------------------------------------
     0 | D        | raistware the Spriggan Assassin began the quest for the Orb.
     0 | D        | Reached XP level 1. HP: 10/10 MP: 2/2
   141 | D        | Noticed a centaur
   141 | D        | Noticed a quasit
   147 | D        | Killed a quasit
   147 | D        | Reached XP level 2. HP: 14/14 MP: 3/3
   147 | D        | Reached XP level 3. HP: 18/18 MP: 4/4
   156 | D        | Killed a centaur
   156 | D        | Reached skill level 10 in Stealth
   156 | D        | Reached XP level 4. HP: 19/22 MP: 5/5
   168 | D        | Found a roughly hewn altar of Beogh.
   168 | D        | Found a snail-covered altar of Cheibriados.
   168 | D        | Found a shadowy altar of Dithmenos.
   168 | D        | Found a white marble altar of Elyvilon.
   168 | D        | Found a blossoming altar of Fedhas.
   168 | D        | Found an opulent altar of Gozag.
   169 | D        | Found a hazy altar of Hepliaklqana.
   170 | D        | Found a viscous altar of Jiyva.
   171 | D        | Found an ancient bone altar of Kikubaaqudgha.
   172 | D        | Found a corrupted altar of Lugonu.
   173 | D        | Found a burning altar of Makhleb.
   174 | D        | Found a sparkling altar of Nemelex Xobeh.
   175 | D        | Found an iron altar of Okawaru.
   176 | D        | Found a stormy altar of Qazlal.
   177 | D        | Found a sacrificial altar of Ru.
   178 | D        | Found a deep blue altar of Sif Muna.
   179 | D        | Found a bloodstained altar of Trog.
   180 | D        | Found a hide-covered altar of Uskayaw.
   181 | D        | Found a radiant altar of Vehumet.
   182 | D        | Found an ornate altar of the Wu Jian Council.
   183 | D        | Found a shimmering altar of Xom.
   184 | D        | Found a basalt altar of Yredelemnul.
   185 | D        | Found a glowing silver altar of Zin.
   186 | D        | Found a glowing golden altar of the Shining One.
   196 | D        | Became a worshipper of Zin the Law-Giver
   224 | D        | Noticed a big kobold
   224 | D        | Noticed an ice beast
   262 | D        | Killed an ice beast
   262 | D        | Reached skill level 6 in Dodging
   262 | D        | Reached XP level 5. HP: 11/25 MP: 6/6
   375 | D        | Reached skill level 10 in Short Blades
   395 | D        | Reached skill level 7 in Dodging
   395 | D        | Reached XP level 6. HP: 23/30 MP: 7/7
   403 | D        | Reached skill level 8 in Dodging
   405 | D        | Reached skill level 9 in Dodging
   463 | D        | Noticed a troll
   463 | D        | Noticed a gargoyle
   463 | D        | Noticed a shadow
   497 | D        | Killed a shadow
   497 | D        | Reached skill level 10 in Dodging
   497 | D        | Reached XP level 7. HP: 22/33 MP: 8/8
   507 | D        | Reached skill level 11 in Dodging
   634 | D        | Killed a gargoyle
   634 | D        | Reached skill level 1 in Armour
   634 | D        | Reached skill level 12 in Dodging
   634 | D        | Reached XP level 8. HP: 39/39 MP: 9/9
   672 | D        | Killed a troll
   777 | D        | Reached * piety under Zin
   792 | D        | Donated 6 gold pieces to Zin
   793 | D        | Noticed a spiny frog
   793 | D        | Noticed a hippogriff
   793 | D        | Noticed a hippogriff
   841 | D        | Killed a hippogriff
   841 | D        | Reached skill level 13 in Dodging
   866 | D        | Killed a hippogriff
   913 | D        | Reached skill level 5 in Throwing
   913 | D        | Reached skill level 14 in Dodging
  1216 | D        | Killed a spiny frog
  1216 | D        | Reached XP level 9. HP: 26/46 MP: 10/10
  1306 | D        | Noticed a spiny frog
  1315 | D        | Donated 3 gold pieces to Zin
  1330 | D        | Killed a spiny frog
  1330 | D        | Reached skill level 5 in Fighting
  1330 | D        | Reached skill level 15 in Dodging
  1330 | D        | Reached skill level 15 in Stealth
  1354 | D        | Noticed a spiny frog
  1354 | D        | Noticed a spiny frog
  1354 | D        | Noticed a komodo dragon
  1370 | D        | Killed a komodo dragon
  1393 | D        | Killed a spiny frog
  1393 | D        | Reached skill level 5 in Long Blades
  1411 | D        | Reached skill level 16 in Dodging
  1416 | D        | Killed a spiny frog
  1429 | D        | Reached skill level 5 in Armour
  1429 | D        | Reached XP level 10. HP: 36/53 MP: 11/11
  1534 | D        | Noticed an elephant
  1534 | D        | Noticed an elephant
  1534 | D        | Noticed an elephant
  1534 | D        | Noticed an elephant
  1534 | D        | Noticed an elephant
  1534 | D        | Noticed an elephant
  1535 | D        | Noticed an elephant
  1536 | D        | Killed an elephant
  1553 | D        | Killed an elephant
  1553 | D        | Reached skill level 17 in Dodging
  1561 | D        | Killed an elephant
  1575 | D        | Killed an elephant
  1575 | D        | Reached skill level 1 in Evocations
  1591 | D        | Killed an elephant
  1603 | D        | Noticed an elephant
  1623 | D        | Donated 2 gold pieces to Zin
  1852 | D        | Killed an elephant
  1875 | D        | Killed an elephant
  2112 | D        | Killed an elephant
  2112 | D        | Reached skill level 18 in Dodging
  2213 | D        | Noticed Psyche
  2220 | D        | Killed Psyche
  2321 | D        | Reached ** piety under Zin
  2321 | D        | Reached *** piety under Zin
  2321 | D        | Reached **** piety under Zin
  2321 | D        | Reached ***** piety under Zin
  2321 | D        | Reached ****** piety under Zin
  2322 | D        | Donated 46 gold pieces to Zin
  2425 | D        | Noticed an orc high priest
  2425 | D        | Noticed an orc knight
  2428 | D        | Noticed an orc knight
  2505 | D        | Slain by an orc warrior

Vault maps used:
D:        linesprint

Skill      XL: |  1  2  3  4  5  6  7  8  9 10 |
---------------+-------------------------------+-----
Stealth        | 8 10 11 12 13 14 15 17 | 17.0
Short Blades   | 6 8 9 10 11 12 | 12.0
Dodging        | 6 7 10 12 14 16 18 | 18.3
Fighting       | 2 4 5 7 |  7.1
Long Blades    | 2 4 5 6 |  6.8
Throwing       | 3 5 7 8 |  8.6
Armour         | 1 3 5 6 |  6.2
Evocations     | 4 |  4.5
Invocations    | |  0.8

Action                   |  1- 3 |  4- 6 |  7- 9 | 10-12 || total
-------------------------+-------+-------+-------+-------++-------
Melee: Dagger            |    31 |    67 |    71 |    15 ||   184
       Scimitar          |       |    10 |    82 |   141 ||   233
 Fire: Blowgun           |       |       |    18 |     4 ||    22
Invok: Donate Gold       |       |       |     2 |     2 ||     4
Evoke: Wand              |       |       |     3 |     3 ||     6
  Use: Potion            |     1 |     1 |     7 |     2 ||    11
       Scroll            |       |       |     4 |       ||     4
 Stab: Sleeping          |     1 |     3 |       |     2 ||     6
       Invisible         |       |       |     1 |       ||     1
       Distracted        |       |       |     3 |     1 ||     4
  Eat: Ration            |       |       |       |     1 ||     1
Armor: Robe              |     5 |     2 |     3 |     1 ||    11
Dodge: Dodged            |    20 |    44 |   123 |   140 ||   327
Block: Other             |       |       |    12 |    10 ||    22
       Rpst.: Scimitar   |       |     3 |    19 |    23 ||    45

Table legend:
 A = Spawn XP
 B = Non-spawn XP
 C = Spawn XP percentage of total XP
 D = Spawn monster count
 E = Non-spawn monster count
 F = Spawn count percentage of total count
 G = Total turns spent on level
                    A         B        C        D         E        F      G
               +---------+---------+-------+---------+---------+-------+---------
         Total |       0 |   10778 |   0.0 |       0 |      64 |   0.0 |  2505
               +---------+---------+-------+---------+---------+-------+---------
             D |       0 |   10778 |   0.0 |       0 |      64 |   0.0 |  2505
               +---------+---------+-------+---------+---------+-------+---------
